 Dungeon Crawl Stone Soup version 0.31-a0-858-g469dc525a8 (webtiles) character file.

Game seed: 3816453768370439367

14915 BritishOli the Fighter (level 11, -7/103 HPs)
             Began as a Demonspawn Fighter on Oct 9, 2023.
             Was a High Priest of Okawaru.
             Mangled by a slime creature (13 damage)
             ... on level 12 of the Dungeon.
             The game lasted 00:14:55 (10318 turns).

BritishOli the Fighter (Demonspawn Fighter)        Turns: 10318, Time: 00:14:56

Health: -7/103     AC: 22    Str: 21    XL:     11   Next: 95%
Magic:  26/26      EV:  6    Int:  9    God:    Okawaru [*****.]
Gold:   615        SH:  4    Dex: 13    Spells: 10/10 levels left

rFire   . . .        r - +3 quarterstaff (chaos)
rCold   . . .        (shield currently unavailable)
rNeg    . . .        g - +0 plate armour
rPois   +            (no helmet)
rElec   .            P - +2 cloak
rCorr   .            i - +0 pair of gloves
SInv    +            D - +0 pair of boots
Will    .....        H
                       - Hermit's Pendant {Faith Invo=14 Evo=0 MP+5} Stlth
                     u - ring of poison resistance
HPRegen 0.37/turn    e - ring of see invisible
MPRegen 0.20/turn

%: faith
@: no status effects
A: rugged brown scales 2, spiny 2, condensation shield, weakness stinger 2
a: Renounce Religion, Heroism, Finesse, Duel


You were on level 12 of the Dungeon.
You worshipped Okawaru.
Okawaru was extremely pleased with you.
You visited 2 branches of the dungeon, and saw 13 of its levels.
You also visited: Sewer.

You collected 779 gold pieces.
You spent 164 gold pieces at shops.

Inventory:

Hand Weapons
 r - a +3 quarterstaff of chaos (weapon)
 F - the +9 staff of Olgreb {rPois∞}
   (You found it on level 5 of the Dungeon)

   Radiate:   It can be activated via the 'a'bility menu to radiate toxic
   energy, with effectiveness depending on Evocations skill.
   Pois:      It enhances your poison magic.
   rPois∞: It grants immunity to poison.
Missiles
 b - a throwing net
 G - 17 boomerangs
 M - 12 javelins (quivered)
Armour
 g - a +0 plate armour (worn)
 i - a +0 pair of gloves (worn)
 D - a +0 pair of boots (worn)
 P - a +2 cloak (worn)
Jewellery
 e - a ring of see invisible (right hand)
 u - a ring of poison resistance (left hand)
 H - the Hermit's Pendant (around neck) {Faith Invo=14 Evo=0 MP+5}
   (You found it on level 6 of the Dungeon)

   [amulet of faith]

   Invo=14: It sets your Invocations skill to 14.
   Evo=0: It sets your Evocations skill to 0.
   Faith:     It allows you to gain divine favour quickly.
   MP+5:      It affects your magic capacity (+5).
 N - a ring of protection from cold
Wands
 J - a wand of quicksilver (6)
 K - a wand of paralysis (17)
 Q - a wand of polymorph (10)
Scrolls
 a - a scroll of silence {unknown}
 c - 8 scrolls of fog {unknown}
 d - a scroll of fear {unknown}
 f - 4 scrolls of immolation {unknown}
 k - 9 scrolls of identify {unknown}
 l - 2 scrolls of butterflies {unknown}
 m - 2 scrolls of poison {unknown}
 p - 8 scrolls of teleportation {unknown}
 x - 3 scrolls of acquirement {unknown}
 y - a scroll of enchant armour {unknown}
 A - 4 scrolls of noise {unknown}
 B - 2 scrolls of torment {unknown}
 C - 2 scrolls of vulnerability {unknown}
 I - a scroll of brand weapon {unknown}
 L - 2 scrolls of blinking {unknown}
Potions
 h - a potion of enlightenment {unknown}
 j - 4 potions of heal wounds
 n - 11 potions of curing
 o - 3 potions of cancellation {unknown}
 q - a potion of ambrosia {unknown}
 s - a potion of lignification {unknown}
 t - 2 potions of magic {unknown}
 v - 2 potions of resistance {unknown}
 w - 2 potions of mutation {unknown}
 z - a potion of degeneration {unknown}
 E - 2 potions of brilliance {unknown}
 O - a potion of attraction {unknown}
 R - a potion of might


   Skills:
 * Level 13.9 Fighting
 + Level 9.2 Axes
 + Level 9.4 Armour
 - Level 3.3 Shields


You had 10 spell levels left.
You didn't know any spells.
Your spell library contained the following spells:

 Spells                   Type           Power      Damage    Failure   Level
 Ignite Poison            Fire/Tmut/Pois 0%         N/A       100%        3
 Sticky Flame             Conj/Fire      0%         2d3       100%        4
 Lee's Rapid Deconstruct  Erth           0%         3d4*      100%        5
 Ignition                 Fire           0%         3d3       100%        8
 Animate Armour           Summ/Erth      Unusable   N/A       N/A         4
 Summon Lightning Spire   Summ/Air       Unusable   N/A       N/A         4

Dungeon Overview and Level Annotations

Branches:
Dungeon (12/15)            Temple (1/1) D:6            Lair (0/5) D:8
    Orc (0/2) D:10          Sewer (visited)

Altars:
Ashenzari
Cheibriados
Dithmenos
Fedhas
Gozag
Hepliaklqana
Kikubaaqudgha
Makhleb
Nemelex Xobeh
Okawaru
Qazlal
Ru
Sif Muna
Trog
Uskayaw
Vehumet
Wu Jian
Xom
Yredelemnul

Shops:
D:6 !*   D:11 *   D:12 !

Annotations:
D:5 1 runed translucent door


Innate Abilities, Weirdness & Mutations

You are mostly covered in rugged brown scales. (AC +2, +5% HP)
You are mostly covered in sharp spines.
A meltable shield of frost defends you. (SH +4)
You have a tail ending in a sharp stinger.


Message History

Okawaru is honoured by your kill. Okawaru grants you throwing weapons!
Something appears at your feet!
The slime creature is struck by your spines.
The slime creature closely misses you.
The slime creature is struck by your spines.
The slime creature hits you.
* * * LOW HITPOINT WARNING * * *
The slime creature hits you but does no damage.
The slime creature attacks as it pursues you!
The slime creature hits you.
* * * LOW HITPOINT WARNING * * *
The slime creature hits you.
* * * LOW HITPOINT WARNING * * *
The slime creature hits you but does no damage.
Things that are here:
a +0 giant spiked club; a +0 giant spiked club You hit the slime creature.
You freeze the slime creature. You tail-slap the slime creature!
The slime creature is almost dead.
The slime creature is struck by your spines.
The slime creature hits you but does no damage.
The slime creature is struck by your spines.
The slime creature hits you.
* * * LOW HITPOINT WARNING * * *
The slime creature hits you but does no damage. x2
You hit the slime creature.
The slime creature is almost dead.
The slime creature is struck by your spines.
You kill the slime creature!
Okawaru accepts your kill.
The slime creature is struck by your spines.
The slime creature closely misses you.
The slime creature hits you but does no damage.
The slime creature barely misses you.
You thump the slime creature! You burn the slime creature.
The slime creature is heavily wounded.
The slime creature is struck by your spines.
The slime creature hits you!
You die...

##.......###.'........#
#......#
##.......'...#.....[..#
#####'##
#.......########'#####
#...# ##.###### ##.#
#.### #.. #..# #.# ....
#.## #.# ... ####'#####
##.#### ####...JJ...#
#.....# #..'...@....#
#.#.#.# ..##........#
#...#.# #........'..
#####.# #.......[##. .#
###'###### .# #.## .#
#..# ## #####'####
########........#


You could see 2 slime creatures.

Vanquished Creatures
  2 two-headed ogres
  Pikel (D:7)
  2 manticores
  3 ugly things
  3 cyclopes
  Psyche (D:12)
  2 kobold demonologists (D:12)
  Jeremiah (D:6)
  A freezing wraith (D:10)
  4 trolls
  Grinder (D:5)
  Sigmund (D:5)
  4 shadows
  A slime creature (D:12)
  3 yaks (D:9)
  8 vampire mosquitoes
  A redback (D:5)
  5 water moccasins
  3 ice beasts
  7 orc warriors
  A black bear (D:4)
  4 ogres
  4 centaurs
  A lemure (D:7)
  A phantom (D:6)
  Blork the orc (D:6)
  2 kobold brigands
  5 bullfrogs
  9 scorpions
  7 wights
  13 killer bees
  4 howler monkeys
  5 hounds
  3 jellies
  An orc priest (D:6)
  Crazy Yiuf (D:2)
  A gnoll bouda (D:7)
  2 sleepcaps
  3 iguanas
  8 orc wizards
  8 gnolls
  18 adders
  3 river rats
  A shadow imp (D:6)
  A worm (D:2)
  5 dart slugs
  40 orcs
  2 bats (D:2)
  9 endoplasms
  5 giant cockroaches
  7 goblins
  10 hobgoblins
  2 jackals (D:5)
  3 quokkas
  14 ball pythons
  9 frilled lizards
  14 kobolds
  32 rats
313 creatures vanquished.

Vanquished Creatures (collateral kills)
  A wight (D:4)
1 creature vanquished.

Vanquished Creatures (others)
  A wight (D:4)
1 creature vanquished.

Grand Total: 315 creatures vanquished

Notes
Turn   | Place    | Note
-------+----------+-------------------------------------------
     0 | D:1      | BritishOli the Demonspawn Fighter began the quest for the
                  | Orb.
     0 | D:1      | Reached XP level 1. HP: 18/18 MP: 1/1
    51 | D:1      | You fall into a shaft and drop 1 floor!
    72 | D:2      | Gained mutation: You have a small tail. [demonic ancestry]
    72 | D:2      | Reached XP level 2. HP: 21/24 MP: 2/2
   439 | D:1      | Reached XP level 3. HP: 29/29 MP: 3/3
  1320 | D:2      | Found a runed translucent door.
  1321 | D:2      | Noticed Crazy Yiuf
  1329 | D:2      | Killed Crazy Yiuf
  1330 | D:2      | Gained mutation: You are partially covered in rugged brown
                  | scales. (AC +1, +3% HP) [demonic ancestry]
  1330 | D:2      | Reached XP level 4. HP: 5/37 MP: 4/4
  1601 | D:3      | Reached skill level 4 in Fighting
  1601 | D:3      | Gained mutation: You are partially covered in sharp spines.
                  | [demonic ancestry]
  1601 | D:3      | Reached XP level 5. HP: 28/43 MP: 5/5
  1786 | D:3      | Found a glowing drain.
  1793 | Sewer    | Entered a sewer
  1984 | Sewer    | Gained mutation: You have a tail ending in a sharp stinger.
                  | [demonic ancestry]
  1984 | Sewer    | Reached XP level 6. HP: 41/51 MP: 6/6
  1986 | Sewer    | Reached skill level 5 in Fighting
  2436 | D:4      | Gained mutation: You are mostly covered in sharp spines.
                  | [demonic ancestry]
  2436 | D:4      | Reached XP level 7. HP: 40/58 MP: 7/7
  2442 | D:4      | Reached skill level 6 in Fighting
  2910 | D:5      | Entered Level 5 of the Dungeon
  2944 | D:5      | Reached XP level 8. HP: 66/66 MP: 8/8
  2968 | D:5      | Reached skill level 5 in Armour
  2971 | D:5      | Reached skill level 7 in Fighting
  3051 | D:5      | Noticed Grinder
  3058 | D:5      | Killed Grinder
  3109 | D:5      | Found a runed translucent door.
  3110 | D:5      | Found a runed translucent gate.
  3110 | D:5      | Found a runed translucent gate.
  3176 | D:5      | Found the +9 staff of Olgreb {rPois∞}
  3181 | D:5      | Found a runed translucent door.
  3220 | D:5      | Found a runed translucent gate.
  3222 | D:5      | Noticed Sigmund
  3233 | D:5      | Killed Sigmund
  3234 | D:5      | Reached skill level 5 in Axes
  3427 | D:5      | Found a bloodstained altar of Trog.
  3507 | D:5      | Reached skill level 8 in Fighting
  3605 | D:5      | Gained mutation: You are mostly covered in rugged brown
                  | scales. (AC +2, +5% HP) [demonic ancestry]
  3605 | D:5      | Reached XP level 9. HP: 60/78 MP: 9/9
  3618 | D:5      | Reached skill level 9 in Fighting
  3869 | D:6      | Found a staircase to the Ecumenical Temple.
  3869 | D:6      | Noticed Blork the orc
  3875 | D:6      | Killed Blork the orc
  3876 | D:6      | Reached skill level 10 in Fighting
  3884 | Temple   | Entered the Ecumenical Temple
  3899 | Temple   | Became a worshipper of Warmaster Okawaru
  3932 | D:6      | Noticed Jeremiah
  4118 | D:6      | Found the Hermit's Pendant {Faith Invo=14 Evo=0 MP+5}
  4153 | D:6      | Found Iseel's Distillery.
  4161 | D:6      | Bought a potion of curing for 39 gold pieces
  4161 | D:6      | Bought a potion of heal wounds for 65 gold pieces
  4181 | D:6      | Killed Jeremiah
  4435 | D:6      | Reached * piety under Okawaru
  4491 | D:6      | Found Riogop's Gadget Gallery.
  4968 | D:7      | Found a sparkling altar of Nemelex Xobeh.
  5191 | D:7      | Gained mutation: A meltable shield of frost defends you.
                  | (SH +4) [demonic ancestry]
  5191 | D:7      | Reached XP level 10. HP: 89/90 MP: 20/20
  5253 | D:7      | Reached ** piety under Okawaru
  5481 | D:7      | Noticed Pikel
  5494 | D:7      | Killed Pikel
  5930 | D:8      | Found a staircase to the Lair.
  6054 | D:8      | Reached skill level 11 in Fighting
  6104 | D:8      | Noticed a two-headed ogre
  6110 | D:8      | Killed a two-headed ogre
  6110 | D:8      | Reached *** piety under Okawaru
  6629 | D:9      | Reached **** piety under Okawaru
  6639 | D:9      | Found a shimmering blue altar of Sif Muna.
  7010 | D:9      | Reached skill level 12 in Fighting
  7448 | D:10     | Entered Level 10 of the Dungeon
  7524 | D:10     | Found a staircase to the Orcish Mines.
  7539 | D:10     | Reached ***** piety under Okawaru
  7665 | D:10     | Reached XP level 11. HP: 99/99 MP: 21/21
  7675 | D:10     | Received a gift from Okawaru
  8647 | D:11     | Noticed a purple ugly thing
  8661 | D:11     | Killed a purple ugly thing
  8835 | D:11     | Found Nuudiggu's Changing Room.
  8905 | D:11     | Reached skill level 13 in Fighting
  9452 | D:12     | Noticed a white ugly thing
  9464 | D:12     | Killed a white ugly thing
  9610 | D:12     | Noticed a soul eater
  9764 | D:12     | Found Saps's Distillery.
  9860 | D:12     | Bought a potion of heal wounds for 60 gold pieces
  9865 | D:12     | Noticed Psyche
  9877 | D:12     | Killed Psyche
 10137 | D:12     | Noticed a brown ugly thing
 10151 | D:12     | Killed a brown ugly thing
 10285 | D:12     | Identified the +2 robe of the Narrow God {*Slow rPois Dex+3
                  | Slay+3}
 10303 | D:12     | Noticed a two-headed ogre
 10314 | D:12     | Killed a two-headed ogre
 10314 | D:12     | Received a gift from Okawaru
 10316 | D:12     | HP: 5/103 [slime creature (5)]
 10318 | D:12     | Mangled by a slime creature

Illustrated notes

Levels and vault maps discovered:
D:1:      dpeg_arrival_court, layout_basic
D:2:      layout_rooms, uniq_crazy_yiuf_cottage
D:3:      layout_rooms, portal_sewer_entry_b, amcnicky_mini_corridor_feature,
          amcnicky_mini_rare_corridor_liquid, chequers_serial_rivers_micro_b
D:4:      layout_gridville
D:5:      minmay_general_purpose_star, layout_rooms, kennysheep_mini_moat,
          grunt_ministairs_11, minmay_guarded_unrand_staff_of_olgreb,
          uniq_grinder, uniq_sigmund
D:6:      layout_loops_ring, minmay_temple_entry_proselytizer, serial_shops,
          shop, nicolae_shop_gadgets, uniq_blork_the_orc, uniq_jeremiah
D:7:      layout_basic, mainiacjoe_overflow_chevrons, uniq_pikel
D:8:      layout_basic, lair_entry_dummy
D:9:      layout_cross, jmf_multi_god_temple, grunt_ministairs_2
D:10:     layout_roguey, erik_orc_3, enter_bailey_4, dk_noncrumbling_4
D:11:     layout_cave_pools, st_stairs_3, nicolae_transmutations_shop
D:12:     layout_roguey, serial_shops, shop, uniq_psyche
Temple:   hc_temple_tempest_star

Skill      XL: |  1  2  3  4  5  6  7  8  9 10 11 |
---------------+----------------------------------+-----
Axes           | 2 3 4 5 6 8 9 |  9.2
Armour         | 3 4 6 7 8 9 |  9.4
Shields        | 3 |  3.3
Fighting       | 4 5 6 8 10 12 13 | 13.9

Action                     |  1- 3 |  4- 6 |  7- 9 | 10-12 || total
---------------------------+-------+-------+-------+-------++-------
  Melee: War axe           |   101 |       |       |       ||   101
         Tailslap          |     4 |     5 |    23 |    44 ||    76
         Quarterstaff      |       |   111 |   183 |   300 ||   594
  Throw: Javelin           |       |       |       |     7 ||     7
 Invoke: Heroism           |       |       |       |     1 ||     1
         Finesse           |       |       |       |     1 ||     1
    Use: Potion            |     1 |       |       |       ||     1
   Stab: Petrifying        |       |       |     1 |       ||     1
         Confused          |       |       |     1 |     1 ||     2
 Armour: Scale mail        |    12 |       |       |       ||    12
         Plate armour      |    66 |   111 |   207 |   477 ||   861
  Dodge: Dodged            |    35 |    24 |    50 |   146 ||   255
  Block: Buckler           |    32 |       |       |       ||    32
         Other             |       |       |       |    87 ||    87

Table legend: (Time is in decaauts)
 A = Elapsed time spent in this place.
 B = Non-inter-level travel time spent in this place.
 C = Inter-level travel time spent in this place.
 D = Time resting spent in this place.
 E = Time spent auto-exploring this place.
 F = Levels seen in this place.
 G = Mean time per level.
                   A        B        C        D        E       F      G
               +--------+--------+--------+--------+--------+-----+--------+
         Total |  10583 |  10071 |    512 |   1322 |   6814 |  14 |  755.9 |
       Dungeon |  10162 |   9708 |    454 |   1264 |   6638 |  12 |  846.8 |
        Temple |    121 |     63 |     58 |     58 |      0 |   1 |  121.0 |
         Sewer |    299 |    299 |      0 |      0 |    176 |   1 |  299.0 |
               +--------+--------+--------+--------+--------+-----+--------+

Top non-repeatable levels by time:
    D:10: 1174 daAuts
     D:6: 1121 daAuts
     D:9: 1105 daAuts
    D:12: 981 daAuts
     D:5: 939 daAuts
     D:7: 846 daAuts
     D:1: 811 daAuts
    D:11: 776 daAuts
     D:2: 743 daAuts
     D:4: 591 daAuts
     D:3: 583 daAuts
     D:8: 485 daAuts
   Sewer: 299 daAuts
  Temple: 121 daAuts
